 Dungeon Crawl Stone Soup version 0.21.1-1-g345015f (webtiles) character file.

292 Drak the Ruffian (level 6, -1/59 HPs)
             Began as a Troll Fighter on July 1, 2018.
             Slain by Grinder (6 damage)
             ... while paralysed by Grinder
             ... on level 3 of the Dungeon.
             The game lasted 00:11:51 (1331 turns).

Drak the Ruffian (Troll Fighter)                    Turns: 1331, Time: 00:11:52

Health: -1/59      AC:  6    Str: 26    XL:     6   Next: 10%
Magic:  5/5        EV:  1    Int:  4    God:
Gold:   158        SH:  0    Dex: 10    Spells: 5/5 levels left

rFire    . . .     SeeInvis .     - Unarmed
rCold    . . .     Gourm    +   b - +1 shield
rNeg     . . .     Faith    .   a - +1 robe
rPois    .         Spirit   .   (helmet restricted)
rElec    .         Reflect  .   (no cloak)
rCorr    .         Harm     .   (gloves unavailable)
MR       .....                  (boots unavailable)
Stlth    +.........             (no amulet)
HPRegen  0.59/turn              (no ring)
MPRegen  0.09/turn              (no ring)

@: paralysed
A: large, unfitting armour, claws 3, fast metabolism 3, gourmand, regeneration
1, shaggy fur 1, tough skin 2
a: no special abilities


You were on level 3 of the Dungeon.
You were full.

You visited 1 branch of the dungeon, and saw 3 of its levels.

You collected 158 gold pieces.

Inventory:

Hand Weapons
 c - a +0 dagger of venom
 h - a +0 hand crossbow
 i - a +0 blowgun
 j - a +0 mace
Missiles
 l - 20 poisoned needles
 n - 16 sling bullets
Armour
 a - a +1 robe (worn)
 b - a +1 shield (worn)
Scrolls
 k - 2 scrolls of identify
 m - a scroll of amnesia {unknown}
 o - a scroll of teleportation
Potions
 e - a potion of invisibility
 f - a potion of haste
 g - a potion of cancellation {unknown}
Comestibles
 d - 4 rations


   Skills:
 + Level 2.9 Fighting
 + Level 3.4 Dodging
 + Level 0.3 Stealth
 + Level 3.6 Shields
 + Level 4.0 Unarmed Combat


You had 5 spell levels left.
You didn't know any spells.

Dungeon Overview and Level Annotations

Branches:
Dungeon (3/15)

Altars:

Annotations:
D:3 Grinder


Innate Abilities, Weirdness & Mutations

You are too large for most types of armour.
You have claws for hands.
Your metabolism is lightning-fast.
You like to eat raw meat.
Your natural rate of healing is unusually fast.
You are covered in fur. (AC +1)
You have very tough skin. (AC +2)


Message History

Grinder gestures at you. Pain shoots through your body!
You closely miss Grinder.
Grinder is lightly wounded.
Grinder gestures at you.
You suddenly lose the ability to move!
Grinder hits you but does no damage.
You feel sick.
You are no longer poisoned.
Grinder hits you!
You writhe in agony.
* * * LOW HITPOINT WARNING * * *
Grinder hits you!
* * * LOW HITPOINT WARNING * * *
You writhe in agony.
* * * LOW HITPOINT WARNING * * *
Grinder says, "FISH!"
Grinder gestures at you.
You barely resist. Grinder hits you.
You die...

...........#...#
#>##...
...........#...#
#.##.##
...............#
#.##.##
#...###.......##
#...... #...#
#######.# ####.##
#...# #.#### #.#
#...# #.##.## #.#
#...# #..5..#
#######.# #...#
#@# #.....#.#
...##
#)#######.....#.#
....
#.)..(((........#
#########.....###
#.....# #######


You could see Grinder.

Vanquished Creatures
  The ghost of WinstonMain the Pure, an amateur DsAK of Lugonu (D:3)
  A bullfrog zombie (D:3)
  Jessica (D:2)
  Robin (D:3)
  4 adders
  2 worms (D:2)
  3 dart slugs
  A leopard gecko (D:1)
  A ball python (D:2)
  2 giant cockroaches
  10 goblins
  5 hobgoblins (D:3)
  6 jackals
  3 kobolds (D:3)
  A quokka (D:3)
  A bat (D:1)
  A frilled lizard (D:2)
  3 rats
47 creatures vanquished.

Notes
Turn   | Place    | Note
-------+----------+-------------------------------------------
     0 | D:1      | Drak the Troll Fighter began the quest for the Orb.
     0 | D:1      | Reached XP level 1. HP: 22/22 MP: 0/0
   217 | D:1      | Reached XP level 2. HP: 25/29 MP: 1/1
   569 | D:2      | Noticed Jessica
   574 | D:2      | Killed Jessica
   574 | D:2      | Reached XP level 3. HP: 31/36 MP: 2/2
   680 | D:2      | Reached XP level 4. HP: 44/44 MP: 3/3
   906 | D:3      | Reached skill level 3 in Unarmed Combat
   945 | D:3      | Noticed WinstonMain's ghost (amateur DsAK)
   947 | D:3      | Noticed Robin
   966 | D:3      | Reached XP level 5. HP: 34/52 MP: 4/4
  1018 | D:3      | Killed WinstonMain's ghost
  1018 | D:3      | Reached skill level 4 in Unarmed Combat
  1018 | D:3      | Reached XP level 6. HP: 45/59 MP: 5/5
  1021 | D:3      | Killed Robin
  1313 | D:3      | Noticed Grinder
  1326 | D:3      | Paralysed by Grinder for 7 turns
  1331 | D:3      | Slain by Grinder

Skill      XL: |  1  2  3  4  5 |
---------------+----------------+-----
Dodging        | 3 |  3.4
Shields        | 3 |  3.6
Unarmed Combat | 3 4 |  4.0
Fighting       | |  2.9
Stealth        | |  0.3

Action                   |  1- 3 |  4- 6 || total
-------------------------+-------+-------++-------
Melee: Unarmed           |    57 |   125 ||   182
  Use: Scroll            |     4 |     3 ||     7
       Potion            |       |     2 ||     2
  Eat: Chunk             |     9 |     5 ||    14
Armor: Robe              |    23 |    31 ||    54
Dodge: Dodged            |    14 |    41 ||    55
Block: Shield            |    35 |    62 ||    97
